 Dungeon Crawl Stone Soup version 0.25.1-8-g42b30a86e7 (webtiles) character file.

Game seed: 744643538144109397

114787 Gabide the Severer (level 17, -4/137 HPs)
             Began as a Human Abyssal Knight on Dec 5, 2020.
             Was the Champion of Lugonu.
             Slain by a merfolk
             ... wielding a +0 trident
              (9 damage)
             ... on level 2 of the Shoals on Dec 6, 2020.
             The game lasted 01:55:40 (36912 turns).

Gabide the Severer (Human Abyssal Knight)          Turns: 36912, Time: 01:55:40

Health: -4/137     AC: 22    Str: 16    XL:     17   Next: 21%
Magic:  15/22      EV: 18    Int: 16    God:    Lugonu [******]
Gold:   3083       SH:  0    Dex: 17    Spells: 16/16 levels left

rFire    + + +     SeeInvis +   h - +9 battleaxe of Olante {drain, +Rage rF+++ MR- Dex+2}
rCold    . . .     Gourm    .   (shield currently unavailable)
rNeg     . . .     Faith    .   C - +1 swamp dragon scales
rPois    +         Spirit   .   q - +2 helmet {SInv}
rElec    .         Reflect  .   H - +2 cloak
rCorr    .         Harm     .   l - +2 pair of gloves
MR       +....                  L - +0 pair of boots
Stlth    +.........             (no amulet)
HPRegen  0.32/turn              U - +4 ring of slaying
MPRegen  0.18/turn              J - ring "Utoycvo" {MR+ Int+2}

@: studying Earth Magic, very slow
A: no striking features
a: Depart the Abyss, Bend Space, Banish, Corrupt, Enter the Abyss, Brand Weapon
With Distortion, Renounce Religion, Evoke Berserk Rage


You were on level 2 of the Shoals.
You worshipped Lugonu.
Lugonu was exalted by your worship.
You were not hungry.

You visited 4 branches of the dungeon, and saw 25 of its levels.
You visited the Abyss 1 time.
You also visited: Ice Cave.

You collected 3788 gold pieces.
You spent 705 gold pieces at shops.

Inventory:

Hand Weapons
 h - the +9 battleaxe of Olante (weapon) {drain, +Rage rF+++ MR- Dex+2}
   (You found it on level 9 of the Dungeon)

   A truly terrible weapon, it drains the life of those it strikes.
   It affects your dexterity (+2).
   It renders you almost immune to fire.
   It affects your resistance to hostile enchantments.
   It lets you go berserk.
 y - a +2 long sword of flaming
Missiles
 f - 70 poisoned darts
 A - 5 javelins (quivered)
 N - 5 silver boomerangs
Armour
 l - a +2 pair of gloves (worn)
 q - a +2 helmet of see invisible (worn)
 C - +1 swamp dragon scales (worn)
 H - a +2 cloak (worn)
 L - a +0 pair of boots (worn)
 R - a +2 helmet
 T - a +2 plate armour of cold resistance
Jewellery
 g - an uncursed ring of ice
 k - a +4 ring of evasion
 u - an uncursed ring of see invisible
 w - an uncursed ring of poison resistance
 G - an uncursed ring of protection from magic
 J - the ring "Utoycvo" (right hand) {MR+ Int+2}
   (You bought it in a shop on level 2 of the Orcish Mines)

   [ring of protection from magic]

   It affects your intelligence (+2).
   It affects your resistance to hostile enchantments.
 U - a +4 ring of slaying (left hand)
 Z - an uncursed ring of resist corrosion
Wands
 t - a wand of random effects (20)
 D - a wand of iceblast (27)
 F - a wand of enslavement (6)
 S - a wand of acid (11)
Scrolls
 a - 2 scrolls of amnesia
 e - 10 scrolls of teleportation
 i - 2 scrolls of identify
 m - 7 scrolls of fear
 o - 8 scrolls of remove curse
 s - 2 scrolls of fog
 z - 3 scrolls of blinking
Potions
 b - 7 potions of flight
 d - a potion of berserk rage
 j - 4 potions of curing
 n - 5 potions of mutation
 p - a potion of magic
 r - a potion of brilliance
 v - 2 potions of stabbing
 B - a potion of lignification
 E - a potion of cancellation
 M - a potion of haste
 O - 6 potions of ambrosia
 X - 3 potions of might
Books
 x - a manual of Earth Magic
Comestibles
 c - 32 rations
 I - 3 chunks of flesh


   Skills:
 * Level 13.2 Fighting
 - Level 10.2 Long Blades
 + Level 17.6(17.8) Axes
   Level 4.4(12.6) Polearms
 + Level 3.4 Throwing
 * Level 9.6 Armour
 + Level 10.8 Dodging
 + Level 6.8 Invocations


You had 16 spell levels left.
You didn't know any spells.
Your spell library contained the following spells:

 Spells                   Type           Power        Failure   Level  Hunger
 Shock                    Conj/Air       #...         38%         1    ##.....
 Swiftness                Chrm/Air       #.......     54%         2    ###....
 Static Discharge         Conj/Air       #.......     77%         3    ####...
 Airstrike                Air            #.........   99%         4    #####..
 Lightning Bolt           Conj/Air       #.........   100%        5    ######.


Dungeon Overview and Level Annotations

Branches:
Dungeon (15/15)            Temple (0/1) D:7            Lair (6/6) D:11
 Shoals (2/4) Lair:3        Snake (0/4) Lair:4        Slime (0/5) Lair:6
    Orc (2/2) D:10            Elf (0/3) Orc:2        Vaults (0/5) D:13
 Depths (0/5) D:15          IceCv (visited)

Altars:
Dithmenos
Fedhas
Gozag
Hepliaklqana
Nemelex Xobeh
Okawaru
Qazlal
Ru
Xom
Yredelemnul
Beogh

Shops:
D:12 %   D:14 (   D:15 }   Orc:2 =(*[   Shoals:2 *

Annotations:
D:9 exclusions: 2 doors and simulacrum
D:12 3 runed translucent doors, corrupted, Apohovio's ghost, journeyman HOFi; Clowwww's ghost, journeyman HOFi; Cykl0x's ghost, journeyman FoFi; Voig's ghost, journeyman MiBe
Lair:4 exclusion: oklob plant
Shoals:2 corrupted


Message History

Press: ? - help, Dir - move target cursor You cannot blink away from the merfolk avatar!
Blink to where?
Press: ? - help, Dir - move target cursor, f - you
Okay, then.
Your magical effects are unravelling.
You feel magically purged.
You feel yourself slow down.
You break out of your daze.
The thrashing horror tramples the merfolk avatar.
The merfolk avatar holds its ground!
The thrashing horror tramples the merfolk avatar.
The merfolk avatar holds its ground!
The merfolk misses you.
The merfolk aquamancer hits you but does no damage.
The merfolk javelineer throws a javelin.
The javelin pierces through the ice dragon skeleton!!
The javelin pierces through you.
* * * LOW HITPOINT WARNING * * *
The merfolk hits you with a +0 trident!
You die...

......≈≈≈≈.......
#∩.....≈≈≈≈≈......
......X.X≈≈.......
....X.h(.#≈.......
........#.X..≈....
.(...t.).)........#
....#..)(.X.........
≈.#4X.X†3..1..5......
≈.....m@m#....≈≈..≈..≈
≈...#.5Zm...x..≈≈≈≈≈≈≈≈
≈ ....mm.t#.Z#.≈≈≈≈≈≈≈.
....#...##x#...≈≈≈≈≈≈≈≈
... x..#2#X32≈≈≈≈≈≈≈≈≈≈
.. ##..≈.##...≈≈≈.≈≈≈≈≈
. R..≈x≈###).≈..≈..≈≈
...≈..# #..........
#......###


You could see a merfolk avatar, a merfolk javelineer, a merfolk aquamancer
(drained), 2 merfolk, 2 neutral starcursed masses, 2 neutral tentacled
starspawn, a neutral Executioner (summoned), a neutral fire crab (summoned), a
neutral orange demon (summoned), a neutral apocalypse crab (summoned), 2 neutral
thrashing horrors, 2 neutral large abominations, a neutral sixfirhy (summoned),
a neutral hellion (summoned), a neutral tormentor (summoned), a neutral efreet
(summoned), a neutral raiju (summoned), a neutral neqoxec (summoned), 4 neutral
small abominations, a neutral quasit (summoned), a neutral white imp (summoned),
a neutral shadow dragon simulacrum (summoned) and a neutral ice dragon skeleton
(summoned).

Vanquished Creatures
  Gastronok (Lair:2)
  An orc warlord (Orc:2)
  Nessos (Lair:6)
  Azrael (D:13)
  An ettin (Orc:1)
  A merfolk javelineer (Shoals:2)
  Snorg (Lair:6)
  Josephine (Orc:2)
  A fire dragon (D:15)
  A merfolk impaler (Shoals:1)
  A great orb of eyes (D:14)
  4 hydras
  The ghost of Yxkeges the Frost Mage, a journeyman GnIE of Ashenzari (Lair:1)
  The ghost of Clowwww the Cleaver, a journeyman DsGl of Ashenzari (D:9)
  4 vault guards
  An ice dragon (D:15)
  2 centaur warriors
  A merfolk avatar (Shoals:2)
  8 two-headed ogres
  15 death yaks
  A catoblepas (Lair:5)
  An ogre mage (D:15)
  A tengu warrior (D:15)
  Urug (D:12)
  A sea snake (Shoals:1)
  2 deep elf magi
  A wolf spider zombie (D:12)
  An orc sorcerer (Orc:1)
  11 fauns (Shoals:1)
  3 manticores
  A cyclops (shapeshifter) (D:14)
  9 ugly things
  10 cyclopes
  An ice statue (IceCv)
  4 merfolk sirens (Shoals:1)
  Maurice (D:13)
  6 black mambas
  3 torpor snails
  7 centaur zombies
  11 spiny frogs
  Maggie (D:8)
  6 komodo dragons
  3 kobold demonologists (D:13)
  A yaktaur (Shoals:1)
  2 ice devils (IceCv)
  2 anaconda simulacra (IceCv)
  2 golden dragon simulacra (IceCv)
  5 freezing wraiths
  2 tengu conjurers (D:14)
  A queen bee (shapeshifter) (D:15)
  8 trolls
  10 merfolk
  Grinder (D:6)
  6 polar bears (Lair:6)
  9 blink frogs
  2 slime creatures (Lair:6)
  5 hornets (Lair:6)
  A meliai zombie (D:14)
  A dream sheep (Lair:6)
  11 hippogriffs
  4 shadows
  3 water elementals
  3 wyverns
  6 wraiths
  12 spriggans (Lair:6)
  4 fire elementals (D:13)
  A death yak simulacrum (IceCv)
  2 dire elephant simulacra (IceCv)
  2 hungry ghosts
  5 vampire mosquitoes
  50 yaks
  Eustachio (D:4)
  3 basilisks
  A steam dragon (D:11)
  4 wargs
  4 harpy simulacra (IceCv)
  2 iron troll simulacra (IceCv)
  19 water moccasins
  2 acid dragons
  13 porcupines
  A hydra simulacrum (IceCv)
  20 orc warriors
  7 sky beasts
  4 black bears
  A hornet zombie (D:13)
  17 ogres
  10 ice beasts
  2 phantoms
  24 wolves
  7 boggarts
  26 centaurs
  10 crocodiles
  4 big kobolds
  20 bullfrogs
  A wyvern skeleton (D:12)
  4 scorpions
  14 wights
  2 howler monkeys
  6 crimson imps
  3 bullfrog zombies
  2 draconian simulacra (IceCv)
  A quasit (D:14)
  A wyvern simulacrum (D:9)
  4 centaur skeletons
  4 hounds
  5 jellies
  11 orc priests
  A bullfrog skeleton (D:12)
  18 orc wizards
  2 iguanas
  6 worker ants
  2 spriggan simulacra (IceCv)
  A killer bee zombie (D:8)
  2 troll simulacra (IceCv)
  3 centaur simulacra (IceCv)
  A howler monkey zombie (D:5)
  7 gnolls
  A howler monkey skeleton (D:4)
  16 adders
  2 naga simulacra (IceCv)
  7 ogre simulacra (IceCv)
  3 shadow imps
  6 white imps
  4 ufetubi (IceCv)
  2 oozes
  An adder zombie (D:6)
  2 adder skeletons
  3 dart slugs
  3 worms
  10 leopard geckos
  66 orcs
  4 giant cockroaches
  5 goblins
  10 hobgoblins
  14 jackals
  6 quokkas
  A ball python (Lair:4)
  11 bats
  6 frilled lizards
  A jackal skeleton (D:4)
  13 kobolds
  2 leopard gecko skeletons (D:4)
  A quokka zombie (D:7)
  4 rats
  A rat zombie (D:7)
  A spectral orc (D:3)
  6 fungi
  11 plants
821 creatures vanquished.

Vanquished Creatures (others)
  A stone giant (Orc:2)
  A cyclops (Orc:1)
  A manticore (D:12)
  A deep elf mage (D:12)
  A troll (D:10)
  A merfolk (Shoals:2)
  A hippogriff (D:12)
  A slime creature (D:12)
  A shadow (D:12)
  6 yaks (D:12)
  2 acid dragons (D:12)
  An orc warrior (D:12)
  A crocodile (Lair:6)
  A howler monkey (D:12)
  An electric eel (D:13)
  A crimson imp (D:13)
  2 quasits (D:12)
  2 orc wizards
  3 white imps (IceCv)
  2 ufetubi (IceCv)
  7 orcs
  2 bushes (Lair:6)
  11 fungi
  19 plants
  2 starspawn tentacles (D:12)
  2 withered plants (D:12)
74 creatures vanquished.

Grand Total: 895 creatures vanquished

Notes
Turn   | Place    | Note
-------+----------+-------------------------------------------
     0 | Abyss:1  | Gabide the Human Abyssal Knight began the quest for the
                  | Orb.
     0 | Abyss:1  | Reached XP level 1. HP: 18/18 MP: 2/2
    81 | Abyss:1  | Noticed a smoke demon
    81 | Abyss:1  | Noticed a quasit
    82 | D:1      | Escaped the Abyss
   160 | D:1      | Reached * piety under Lugonu
   160 | D:1      | Reached XP level 2. HP: 16/24 MP: 3/3
   403 | D:1      | Reached XP level 3. HP: 24/29 MP: 4/4
   732 | D:1      | Found a stormy altar of Qazlal.
   826 | D:2      | Found a shimmering altar of Xom.
  1032 | D:2      | Found a sparkling altar of Nemelex Xobeh.
  1047 | D:2      | Reached ** piety under Lugonu
  1047 | D:2      | Reached XP level 4. HP: 32/35 MP: 5/5
  1839 | D:3      | Reached XP level 5. HP: 31/41 MP: 7/7
  2293 | D:3      | Found a basalt altar of Yredelemnul.
  2408 | D:4      | Noticed an ogre
  2423 | D:4      | Killed an ogre
  2423 | D:4      | Reached XP level 6. HP: 23/48 MP: 8/8
  2598 | D:4      | Noticed Eustachio
  2635 | D:4      | Killed Eustachio
  2805 | D:4      | Reached XP level 7. HP: 51/54 MP: 9/9
  2888 | D:4      | Reached skill level 1 in Long Blades
  3023 | D:4      | Reached *** piety under Lugonu
  3959 | D:4      | Reached XP level 8. HP: 58/61 MP: 10/10
  4103 | D:4      | Found a shimmering altar of Xom.
  4289 | D:5      | Entered Level 5 of the Dungeon
  4449 | D:5      | Found a blossoming altar of Fedhas.
  5076 | D:5      | Found a hazy altar of Hepliaklqana.
  5267 | D:5      | Found an iron altar of Okawaru.
  5273 | D:5      | Found a sacrificial altar of Ru.
  5502 | D:6      | Reached skill level 5 in Fighting
  5502 | D:6      | Reached skill level 5 in Long Blades
  5539 | D:6      | Noticed Grinder
  5551 | D:6      | Killed Grinder
  5551 | D:6      | Reached XP level 9. HP: 57/68 MP: 12/12
  5807 | D:6      | Reached skill level 5 in Armour
  6204 | D:7      | Noticed a two-headed ogre
  6221 | D:7      | Killed a two-headed ogre
  6221 | D:7      | Reached skill level 5 in Dodging
  6240 | D:7      | Reached XP level 10. HP: 59/76 MP: 13/13
  6442 | D:7      | Reached **** piety under Lugonu
  6566 | D:7      | Found a shadowy altar of Dithmenos.
  7068 | D:7      | Found a staircase to the Ecumenical Temple.
  7997 | D:8      | Noticed Maggie
  8026 | D:8      | Killed Maggie
  8545 | D:8      | Reached ***** piety under Lugonu
  9071 | D:9      | Noticed Clowwww's ghost (journeyman DsGl)
  9154 | D:9      | Reached XP level 11. HP: 47/83 MP: 14/14
  9475 | D:9      | Found a runed translucent gate.
  9481 | D:9      | Found a runed translucent gate.
  9483 | D:9      | Found a runed translucent gate.
  9605 | D:9      | Killed Clowwww's ghost
  9613 | D:9      | Reached skill level 10 in Long Blades
  9862 | D:9      | Got the ring "Falol" {Fire}
  9866 | D:9      | Got a masterwork battleaxe
  9868 | D:9      | Identified the +9 battleaxe of Olante {drain, +Rage rF+++
                  | MR- Dex+2} (You found it on level 9 of the Dungeon)
  9872 | D:9      | Identified the ring "Falol" {Fire Str+4} (You found it on
                  | level 9 of the Dungeon)
  9958 | D:10     | Entered Level 10 of the Dungeon
  9988 | D:10     | Reached skill level 5 in Invocations
 10076 | D:10     | Reached skill level 1 in Axes
 10530 | D:10     | Reached skill level 2 in Axes
 10642 | D:10     | Reached skill level 3 in Axes
 10937 | D:10     | Found a staircase to the Orcish Mines.
 10943 | D:10     | Reached skill level 4 in Axes
 11117 | D:10     | Reached skill level 5 in Axes
 11408 | D:10     | Noticed a cyclops
 11423 | D:10     | Killed a cyclops
 11423 | D:10     | Reached skill level 6 in Axes
 11668 | D:11     | Reached XP level 12. HP: 67/92 MP: 15/15
 11834 | D:11     | Reached skill level 7 in Axes
 11841 | D:11     | Found an opulent altar of Gozag.
 11983 | D:11     | You fall into a shaft and drop 2 floors!
 12045 | D:12     | Found a runed translucent gate.
 12045 | D:12     | Found a runed translucent gate.
 12045 | D:12     | Found a runed translucent gate.
 12045 | D:12     | Noticed Cykl0x's ghost (journeyman FoFi)
 12045 | D:12     | Noticed Apohovio's ghost (journeyman HOFi)
 12045 | D:12     | Noticed Clowwww's ghost (journeyman HOFi)
 12045 | D:12     | Noticed Voig's ghost (journeyman MiBe)
 12170 | D:12     | Reached skill level 8 in Axes
 12412 | D:12     | Corrupted D:12
 12412 | D:12     | Noticed a sixfirhy
 12412 | D:12     | Noticed a starcursed mass
 12412 | D:12     | Noticed a tentacled starspawn
 12412 | D:12     | Noticed a thrashing horror
 12412 | D:12     | Noticed a blizzard demon
 12412 | D:12     | Noticed a starcursed mass
 12412 | D:12     | Noticed a starcursed mass
 12412 | D:12     | Noticed a starcursed mass
 12412 | D:12     | Noticed a starcursed mass
 12412 | D:12     | Noticed a thrashing horror
 12413 | D:12     | Noticed a tentacled starspawn
 12414 | D:12     | Noticed a starcursed mass
 12536 | D:12     | Noticed a sixfirhy
 12736 | D:12     | Noticed Urug
 12751 | D:12     | Killed Urug
 12751 | D:12     | Reached skill level 9 in Axes
 13462 | D:12     | Found Fudduq Wonk's Food Shoppe.
 13794 | D:13     | Noticed Maurice
 13808 | D:13     | Killed Maurice
 13886 | D:13     | Reached skill level 10 in Axes
 14024 | D:13     | Noticed a soul eater
 14024 | D:13     | Noticed a sixfirhy
 14037 | D:13     | Reached XP level 13. HP: 44/99 MP: 17/17
 14322 | D:13     | Identified a scroll of acquirement
 14322 | D:13     | Acquired 1160 gold pieces
 14447 | D:13     | Noticed Azrael
 14462 | D:13     | Killed Azrael
 14462 | D:13     | Reached skill level 11 in Axes
 14730 | D:13     | Noticed a vault guard
 14732 | D:13     | Noticed a vault guard
 14735 | D:13     | Noticed a vault guard
 14736 | D:13     | Noticed a vault guard
 15372 | D:11     | Found a staircase to the Lair.
 15494 | Orc:1    | Entered Level 1 of the Orcish Mines
 16063 | Orc:2    | Entered Level 2 of the Orcish Mines
 16083 | Orc:2    | Found Ylu Omoj's General Store.
 16083 | Orc:2    | Noticed a stone giant
 16104 | Orc:2    | Banished a stone giant
 16413 | Orc:1    | Reached skill level 12 in Axes
 16445 | Orc:2    | Found Pabruime's Antique Armour Emporium.
 16445 | Orc:2    | Noticed an ettin
 16447 | Orc:2    | Noticed an ettin
 16539 | Orc:1    | Killed an ettin
 16539 | Orc:1    | Reached skill level 1 in Throwing
 16839 | Orc:1    | Banished an ettin
 17494 | Orc:2    | Found Acarit's Antique Weapon Boutique.
 18365 | Orc:2    | Noticed an ettin
 18375 | Orc:2    | Banished an ettin
 18593 | Orc:2    | Found Esups's Jewellery Boutique.
 18709 | Orc:2    | Bought a scroll of blinking for 90 gold pieces
 18732 | Orc:2    | Found a staircase to the Elven Halls.
 18920 | Orc:1    | Noticed Josephine
 18920 | Orc:1    | Noticed an orc warlord
 19203 | Orc:2    | Killed an orc warlord
 19203 | Orc:2    | Reached XP level 14. HP: 30/109 MP: 14/18
 19590 | Orc:2    | Killed Josephine
 19590 | Orc:2    | Reached skill level 10 in Fighting
 19765 | Orc:1    | Found a roughly hewn altar of Beogh.
 19903 | Orc:2    | Bought the ring "Utoycvo" {MR+ Int+2} for 615 gold pieces
 20157 | D:12     | Reached skill level 13 in Axes
 20583 | D:13     | Found a gate to the Vaults.
 21222 | D:14     | Reached ****** piety under Lugonu
 21487 | D:14     | Reached skill level 14 in Axes
 21767 | D:14     | Found a shadowy altar of Dithmenos.
 21853 | D:14     | Found Wegen's Antique Weapon Emporium.
 22400 | D:15     | Entered Level 15 of the Dungeon
 23139 | D:15     | Noticed a fire giant
 23139 | D:15     | Noticed a frost giant
 23140 | D:15     | Found the +5 scythe "Finisher" {speed, eviscerate}
 23157 | D:15     | Reached XP level 15. HP: 84/119 MP: 20/20
 23455 | D:15     | Reached skill level 15 in Axes
 23619 | D:15     | Found a staircase to the Depths.
 23849 | D:15     | Found Piununt's Gadget Boutique.
 24068 | Lair:1   | Entered Level 1 of the Lair of Beasts
 24456 | Lair:1   | Found a runed translucent door.
 24456 | Lair:1   | Noticed Yxkeges's ghost (journeyman GnIE)
 25076 | Lair:1   | Killed Yxkeges's ghost
 25428 | Lair:2   | Noticed Gastronok
 25452 | Lair:2   | Killed Gastronok
 26731 | Lair:3   | Reached skill level 16 in Axes
 27089 | Lair:3   | Found a staircase to the Shoals.
 27801 | Lair:4   | Found a staircase to the Snake Pit.
 29150 | Lair:5   | Reached XP level 16. HP: 127/127 MP: 21/21
 30481 | Lair:6   | Entered Level 6 of the Lair of Beasts
 30906 | Lair:6   | Reached skill level 10 in Dodging
 31239 | Lair:6   | Noticed Nessos
 31272 | Lair:6   | Killed Nessos
 31962 | Lair:6   | Noticed Snorg
 31983 | Lair:6   | Killed Snorg
 32086 | Lair:6   | Found a staircase to the Slime Pits.
 32289 | Lair:6   | Reached skill level 17 in Axes
 33111 | Shoals:1 | Entered Level 1 of the Shoals
 33280 | Shoals:1 | Found a frozen archway.
 33549 | IceCv    | Entered an ice cave
 34768 | IceCv    | Noticed an Ice Fiend
 35651 | Shoals:1 | Reached XP level 17. HP: 123/136 MP: 22/22
 36898 | Shoals:2 | Found Jualero's Assorted Antiques.
 36911 | Shoals:2 | Corrupted Shoals:2
 36911 | Shoals:2 | Noticed a tentacled starspawn
 36911 | Shoals:2 | Noticed an Executioner
 36911 | Shoals:2 | Noticed a tentacled starspawn
 36912 | Shoals:2 | HP: 5/137 [merfolk javelineer/javelin (1)]
 36912 | Shoals:2 | Slain by a merfolk

Illustrated notes

Levels and vault maps discovered:
D:1:      dpeg_arrival_tiny_b, layout_rooms, kennysheep_flooded_box
D:2:      layout_rooms, lemuel_crystal_altar, lemuel_altar_in_water
D:3:      layout_rooms, yredelemnul_forgotten_temple_becter
D:4:      layout_rooms, marbit_many_paths, kennysheep_generic_room_5,
          uniq_eustachio
D:5:      layout_loops_ring, nicolae_overflow_crystal_walls,
          grunt_temple_overflow_open, basic_altar, first_ration
D:6:      layout_rooms, uniq_grinder
D:7:      layout_loops_corners, kennysheep_mini_moat,
          minmay_temple_entry_junction, enter_ossuary_4
D:8:      layout_loops_ring, uniq_maggie
D:9:      layout_basic, lemuel_zombie_altar_kikubaaqudgha,
          dancing_weapons_uskayaw, gammafunk_ghost_icy, blue_anna_alchemist
          [blue_anna_fruit_fields, blue_anna_fruit_fields], uniq_pikel
D:10:     layout_cave_pools, david_orc_1_choice, kennysheep_generic_room_4
D:11:     layout_rooms, grunt_lair_entry_orc_guard_hut, basic_altar
D:12:     minmay_spotlight, layout_loops_cross, gammafunk_ghost_cemetery,
          serial_shops, nicolae_shop_window_shopping, uniq_urug
D:13:     layout_irregular_city, lightli_vaults_fourway_checkpoint,
          lemuel_freeze_loot_1, uniq_maurice, uniq_azrael
D:14:     layout_roguey, eino_curves_01, serial_shops, shop, basic_altar,
          minmay_crystal_water
D:15:     grunt_enter_depths_hoard, layout_loops_ring, serial_shops, shop,
          minivault_12
Lair:1:   layout_regular_city, hellmonk_ghost_happy_afterlife
Lair:2:   layout_layer_cave, uniq_gastronok
Lair:3:   layout_gridlike, elwin_shoals_entry_rocks, beast_lair_carwin_4
Lair:4:   layout_long_grid, minmay_snake_entry_six_corridors,
          grunt_megastairs_3, infiniplex_staircase_pool_2
Lair:5:   layout_loops_ring
Lair:6:   minmay_lair_end_enchanted_forest, layout_concentric_octagons,
          minmay_slime_entry_pillars, serial_forest,
          infiniplex_forest_clump_double, infiniplex_forest_clump_diagonal,
          infiniplex_forest_clump_diagonal, infiniplex_forest_lined_room_,
          infiniplex_forest_clump_medium, infiniplex_forest_side_room,
          infiniplex_forest_side_room, infiniplex_forest_straight_4, uniq_snorg,
          uniq_nessos
Shoals:1: layout_shoals, portal_ice_cave_entry_pillars_three, yaktaur_hedge
Shoals:2: cheibrodos_shoals_satyrical_garden, layout_shoals, serial_shops, shop,
          nicolae_shoals_flooded_hall
Orc:1:    layout_diamond_mine, basic_altar, uniq_josephine
Orc:2:    grunt_orc_gardens, layout_diamond_mine, grunt_orc_garden,
          grunt_orc_garden, grunt_orc_garden, grunt_orc_garden

Skill      XL: |  1  2  3  4  5  6  7  8  9 10 11 12 13 14 15 16 |
---------------+-------------------------------------------------+-----
Polearms       | 3 4 |  4.4
Invocations    | 3 4 5 6 |  6.8
Fighting       | 4 5 6 7 8 9 11 12 13 | 13.2
Armour         | 3 4 5 6 7 9 |  9.6
Dodging        | 2 4 5 6 7 8 9 10 | 10.8
Long Blades    | 3 5 7 9 10 | 10.2
Axes           | 6 10 12 14 16 17 | 17.6
Throwing       | 2 3 |  3.4

Action                   |  1- 3 |  4- 6 |  7- 9 | 10-12 | 13-15 | 16-18 || total
-------------------------+-------+-------+-------+-------+-------+-------++-------
Melee: Spear             |   125 |   158 |       |       |       |       ||   283
       Falchion          |       |     1 |   270 |   191 |       |       ||   462
       Long sword        |       |       |       |   114 |    13 |    21 ||   148
       Battleaxe         |       |       |       |   358 |   831 |   557 ||  1746
Throw: Dart              |       |    13 |    41 |    29 |    69 |       ||   152
       Throwing net      |       |       |     1 |       |       |       ||     1
       Javelin           |       |       |       |    10 |    35 |    34 ||    79
Invok: Depart the Abyss  |     1 |       |       |       |       |       ||     1
       Bend Space        |       |     1 |    10 |     9 |    34 |     3 ||    57
       Banish            |       |       |       |     1 |     5 |       ||     6
       Corrupt           |       |       |       |     1 |       |     1 ||     2
Evoke: Wand              |       |       |       |     3 |       |       ||     3
  Use: Scroll            |     4 |     6 |    10 |    14 |     9 |     7 ||    50
       Potion            |       |       |     1 |     7 |     8 |    10 ||    26
 Stab: Invisible         |       |       |       |     5 |       |       ||     5
  Eat: Chunk             |     1 |     1 |    12 |    12 |    21 |    14 ||    61
       Ration            |       |     1 |       |     7 |     9 |     3 ||    20
Armor: Ring mail         |    45 |    38 |    92 |    28 |       |       ||   203
       Swamp dragon scal |       |       |       |   213 |   281 |   204 ||   698
       Plate armour      |       |       |       |       |       |   110 ||   110
Dodge: Dodged            |    63 |    88 |   167 |   673 |   911 |   435 ||  2337
       Rpst.: Falchion   |       |     1 |    50 |    39 |       |       ||    90
       Long sword        |       |       |       |    20 |     5 |     8 ||    33
